 Dungeon Crawl Stone Soup version 0.19-a0-1886-gd64a0f0 (webtiles) character file.

233 Naow the Chopper (level 6, 0/47 HPs)
             Began as a Formicid Fighter on Oct 16, 2016.
             Slain by a bullfrog (3 damage)
             ... in a sewer.
             The game lasted 00:04:55 (3009 turns).

Naow the Chopper (Formicid Fighter)                 Turns: 3009, Time: 00:04:57

Health: 0/47       AC:  6    Str: 27    XL:     6   Next: 26%
Magic:  6/6        EV:  8    Int:  8    God:
Gold:   236        SH: 10    Dex: 10    Spells: 0 memorised, 5 levels left

rFire  . . .     SeeInvis +     a - +0 war axe
rCold  . . .     Gourm    .     b - +0 scale mail
rNeg   . . .     Faith    .     c - +0 shield
rPois  .         Spirit   .     (helmet unavailable)
rElec  .         Dismiss  .     (no cloak)
rCorr  .         Reflect  .     (no gloves)
MR     .....     Harm     .     (no boots)
Stlth  ..........               (no amulet)
                                (no ring)
                                (no ring)

@: mighty, lethally poisoned (0 -> -7)
A: permanent stasis, dig shafts and tunnels, four strong arms, antennae 3
a: Dig, Shaft Self


You were in a sewer.
You were hungry.

You visited 1 branch of the dungeon, and saw 3 of its levels.
You also visited: Sewer.

You collected 236 gold pieces.

Inventory:

Hand Weapons
 a - a +0 war axe (weapon)
Armour
 b - a +0 scale mail (worn)
 c - a +0 shield (worn)
Jewellery
 q - an uncursed ring of see invisible {unknown}
 s - an uncursed ring of protection from fire {unknown}
 w - an uncursed ring of see invisible {unknown}
 y - an uncursed ring of flight {unknown}
Scrolls
 e - 2 scrolls of remove curse {unknown}
 g - 4 scrolls of fog {unknown}
 h - 3 scrolls of teleportation {unknown}
 i - a scroll of enchant armour {unknown}
 k - 5 scrolls of identify {unknown}
 o - a scroll of amnesia {unknown}
 v - a scroll of immolation {unknown}
 z - a scroll of blinking {unknown}
 A - 2 scrolls of magic mapping {unknown}
Potions
 d - a potion of might
 j - 2 potions of haste {unknown}
 l - 2 potions of berserk rage {unknown}
 m - a potion of flight {unknown}
 n - 5 potions of curing {unknown}
 p - a potion of ambrosia {unknown}
 r - 5 potions of brilliance {unknown}
 t - 2 potions of cure mutation {unknown}
 C - 2 potions of magic {unknown}
Comestibles
 f - a bread ration
 u - 8 chunks of flesh
 x - 3 fruits
 B - a slice of pizza


   Skills:
 - Level 3.4 Fighting
 + Level 5.8 Axes
 - Level 3.6 Armour
 - Level 3.7 Shields


You had 5 spell levels left.
You didn't know any spells.

Dungeon Overview and Level Annotations

Branches:
Dungeon (3/15)

Altars:
Dithmenos


Innate Abilities, Weirdness & Mutations

You are under a permanent stasis effect.
You can dig through walls and to a lower floor.
Your four strong arms can wield two-handed weapons with a shield.
You have a pair of large antennae on your head. (SInv)


Message History

The ooze completely misses you. The bullfrog barely misses you.
You block the ooze's attack.
You feel very mighty all of a sudden. You block the bullfrog's attack.
The adder bites you.
You are more poisoned.
The adder poisons you! The bullfrog hits you.
* * * LOW HITPOINT WARNING * * *
You block the ooze's attack. The bullfrog closely misses you.
The ooze barely misses you.
You are too injured to fight recklessly!
Unknown command.
You are too injured to fight recklessly!
You are feeling hungry.
Your unstable footing causes you to fumble your attack.
You feel sick. The adder closely misses you. You block the bullfrog's attack.
The bullfrog hits you!
* * * LOW HITPOINT WARNING * * *
You block the adder's attack. The ooze barely misses you.
The bullfrog hits you.
You die...

###################
###..≈≈≈≈≈≈≈≈≈≈≈≈≈≈≈#..
##....≈≈≈≈≈#≈..≈≈≈≈≈≈≈..
#....≈≈≈≈≈≈≈#≈F#J≈≈≈≈≈..
#.....≈≈≈≈≈≈≈≈≈@S≈≈≈≈≈..
##.....≈≈≈≈≈≈≈≈≈FJ≈≈≈≈≈..
#......≈≈≈≈≈≈≈≈≈≈≈≈≈≈≈...
#....####################
#...#### ....#..#
....'..# ...##### #...##


You could see 2 bullfrogs, 2 oozes and an adder.

Vanquished Creatures
  Jessica (D:2)
  6 adders
  5 river rats (Sewer)
  A worm (D:3)
  6 dart slugs
  A leopard gecko (D:2)
  An orc (D:3)
  6 giant cockroaches
  7 goblins
  6 hobgoblins
  A jackal (D:2)
  11 ball pythons
  7 bats
  10 frilled lizards
  5 kobolds
  32 rats
106 creatures vanquished.

Notes
Turn   | Place    | Note
-------+----------+-------------------------------------------
     0 | D:1      | Naow the Formicid Fighter began the quest for the Orb.
     0 | D:1      | Reached XP level 1. HP: 18/18 MP: 1/1
    77 | D:1      | Reached XP level 2. HP: 24/24 MP: 2/2
   329 | D:1      | Reached XP level 3. HP: 22/29 MP: 3/3
   433 | D:1      | Reached skill level 3 in Axes
  1121 | D:2      | Found a shadowy altar of Dithmenos.
  1261 | D:2      | Reached XP level 4. HP: 30/35 MP: 4/4
  1276 | D:2      | Noticed Jessica
  1291 | D:2      | Killed Jessica
  1291 | D:2      | Reached skill level 4 in Axes
  1550 | D:2      | Reached XP level 5. HP: 41/41 MP: 5/5
  2337 | D:3      | Found a glowing drain.
  2346 | Sewer    | Entered a sewer
  2366 | Sewer    | Reached skill level 5 in Axes
  2625 | Sewer    | Reached XP level 6. HP: 12/47 MP: 6/6
  3009 | Sewer    | Slain by a bullfrog

Vault maps used:
D:1:      lemuel_arrival_river_ford, st_stairs_4
D:2:      kennysheep_six_static_rooms, grunt_dithmenos_smoke, uniq_jessica
D:3:      portal_sewer_entry_d, minmay_bisected
Sewer:    sewer_minmay_w

Skill      XL: |  1  2  3  4  5 |
---------------+----------------+-----
Axes           | 3 4 5 |  5.8
Fighting       | |  3.4
Armour         | |  3.6
Shields        | |  3.7

Action                   |  1- 3 |  4- 6 || total
-------------------------+-------+-------++-------
Melee: War axe           |    95 |   192 ||   287
  Use: Potion            |       |     2 ||     2
  Eat: Chunk             |     1 |     6 ||     7
Armor: Scale mail        |    52 |    76 ||   128
Dodge: Dodged            |    34 |    80 ||   114
Block: Shield            |    61 |   137 ||   198
